 Dungeon Crawl Stone Soup version 0.25.1-2-g60ff931df9 (webtiles) character file.

Game seed: 13132092890840646290

39235 DerDa the Geomancer (level 14, -4/82 HPs)
             Began as a Gargoyle Earth Elementalist on Sept 21, 2020.
             Was an Elder of Sif Muna.
             Engulfed by a fire crab's flame (24 damage)
             ... on level 5 of the Lair of Beasts.
             The game lasted 01:00:05 (20871 turns).

DerDa the Geomancer (Gargoyle Earth Elementalist)  Turns: 20871, Time: 01:00:06

Health: -4/82      AC: 28    Str: 14    XL:     14   Next: 5%
Magic:  13/28      EV: 11    Int: 28    God:    Sif Muna [****..]
Gold:   1137       SH:  0    Dex: 10    Spells: 18/33 levels left

rFire    x . .     SeeInvis .   a - staff of energy
rCold    + . .     Gourm    .   (no shield)
rNeg     + . .     Faith    +   G - +0 scale mail "Awkoa" {rC+ Int+7 Stlth+}
rPois    ∞         Spirit   .   O - +1 helmet
rElec    +         Reflect  .   N - +2 cloak
rCorr    +         Harm     .   i - +1 pair of gloves
MR       +....                  Q - +1 pair of boots "Deprian" {rF- rCorr Int+2}
Stlth    +.........             Y - amulet of faith
HPRegen  0.23/turn              (no ring)
MPRegen  0.21/turn              (no ring)

@: flying
A: big wings, negative energy resistance 1, electricity resistance, unbreathing,
petrification resistance, rot immunity, AC +10
a: Stop Flying, Channel Magic, Forget Spell, Divine Exegesis, Renounce Religion


You were on level 5 of the Lair of Beasts.
You worshipped Sif Muna.
Sif Muna was greatly pleased with you.
You were near starving.

You visited 3 branches of the dungeon, and saw 18 of its levels.
You also visited: Ossuary and Volcano.

You collected 1137 gold pieces.

Inventory:

Hand Weapons
 b - a +4 scimitar of flaming
 m - a +0 hunting sling
 u - a +1 falchion of holy wrath
 E - a +0 short sword of venom
 S - a +3 scythe of flaming
Missiles
 j - 172 sling bullets
 p - 131 stones (quivered)
 K - 21 poisoned darts
Armour
 i - a +1 pair of gloves (worn)
 G - the +0 scale mail "Awkoa" (worn) {rC+ Int+7 Stlth+}
   (You found it on level 9 of the Dungeon)

   It affects your intelligence (+7).
   It protects you from cold.
   It makes you more stealthy.
 I - a +2 leather armour of fire resistance
 N - a +2 cloak (worn)
 O - a +1 helmet (worn)
 Q - the +1 pair of boots "Deprian" (worn) {rF- rCorr Int+2}
   (You found it on level 11 of the Dungeon)

   It affects your intelligence (+2).
   It makes you vulnerable to fire.
   It provides partial protection from all sources of acid and corrosion.
 U - a +0 kite shield
Magical Staves
 a - an uncursed staff of energy (weapon)
Jewellery
 F - the amulet "Bycvaz" {rF- rN+ Regen+ Str+4}
   (You found it on level 11 of the Dungeon)

   [amulet of regeneration]

   It affects your strength (+4).
   It makes you vulnerable to fire.
   It protects you from negative energy.
   It increases your rate of regeneration.
 Y - an amulet of faith (around neck)
Wands
 o - a wand of polymorph (18)
 C - a wand of acid (28)
 H - a wand of flame (14)
 J - a wand of iceblast (9)
 L - a wand of digging (10)
Scrolls
 c - 2 scrolls of blinking
 e - 2 scrolls of enchant weapon
 f - 9 scrolls of remove curse
 h - a scroll of immolation
 n - a scroll of magic mapping
 q - 5 scrolls of teleportation
 r - a scroll of holy word
 v - 5 scrolls of enchant armour
 M - 3 scrolls of fear
 P - a scroll of amnesia
 T - a scroll of fog {unknown}
 X - a scroll of summoning {unknown}
Potions
 g - 3 potions of haste
 k - a potion of lignification
 s - 6 potions of heal wounds
 t - a potion of mutation {unknown}
 w - 3 potions of ambrosia
 x - 2 potions of berserk rage {unknown}
 z - 5 potions of might {unknown}
 A - a potion of cancellation {unknown}
 B - 2 potions of degeneration {unknown}
 R - 3 potions of curing
 Z - a potion of resistance {unknown}
Miscellaneous
 V - a box of beasts
Comestibles
 d - 42 rations


   Skills:
 + Level 7.3 Fighting
 + Level 6.0 Armour
 + Level 6.5 Dodging
 - Level 2.1 Stealth
 + Level 2.1 Shields
 * Level 10.0 Spellcasting
 * Level 10.6 Conjurations
 - Level 5.0 Transmutations
 * Level 12.9 Earth Magic
 + Level 7.2 Invocations
 + Level 5.8 Evocations


You had 18 spell levels left.
You knew the following spells:

 Your Spells              Type           Power        Failure   Level  Hunger
a - Sandblast             Erth           ######       1%          1    None
b - Stone Arrow           Conj/Erth      ######       1%          3    None
c - Petrify               Tmut/Erth      ######..     3%          4    None
d - Lee's Rapid Deconstr  Erth           ######....   1%          5    None
w - Passwall              Tmut/Erth      ######..     1%          2    None

Your spell library contained the following spells:

 Spells                   Type           Power        Failure   Level  Hunger
 Foxfire                  Conj/Fire      ####         1%          1    None
 Shock                    Conj/Air       ####         1%          1    None
 Conjure Flame            Conj/Fire      #####...     4%          3    None
 Static Discharge         Conj/Air       #####...     4%          3    None
 Sticky Flame             Conj/Fire      #####...     16%         4    None
 Irradiate                Conj/Tmut      ######....   16%         5    None
 Ignite Poison            Fire/Tmut/Pois ###.....     22%         3    None
 Borgnjor's Vile Clutch   Necr/Erth      ######....   28%         5    None
 Inner Flame              Hex/Fire       ##......     41%         3    None
 Recall                   Summ/Tloc      N/A          41%         3    None
 Fireball                 Conj/Fire      #####.....   41%         5    None
 Animate Dead             Necr           N/A          82%         4    None
 Cause Fear               Hex            ##........   82%         4    None
 Dispel Undead            Necr           ##......     82%         4    None
 Starburst                Conj/Fire      #####.....   94%         6    None
 Death Channel            Necr           ##........   100%        6    None
 Simulacrum               Ice/Necr       ##........   100%        6    None
 Dragon Form              Tmut           #####.....   100%        7    None
 Ring of Flames           Chrm/Fire      ##........   100%        7    None
 Ignition                 Fire           ##........   100%        8    None
 Dragon's Call            Summ           ##........   100%        9    None


Dungeon Overview and Level Annotations

Branches:
Dungeon (11/15)            Temple (1/1) D:5            Lair (6/6) D:9
  Swamp (0/4) Lair:3        Snake (0/4) Lair:2          Orc (0/2) D:9
Ossuary (visited)         Volcano (visited)
  Slime: Lair:5-6

Altars:
Ashenzari
Cheibriados
Dithmenos
Elyvilon
Fedhas
Gozag
Hepliaklqana
Kikubaaqudgha
Makhleb
Nemelex Xobeh
Okawaru
Qazlal
Ru
Sif Muna
Trog
Uskayaw
Vehumet
Wu Jian
Xom
Yredelemnul
Zin
The Shining One


Innate Abilities, Weirdness & Mutations

You are resistant to torment.
Your stone body is resilient. (AC +10)
You are immune to poison.
Your large and strong wings let you fly indefinitely.
You resist negative energy. (rN+)
You are resistant to electric shocks. (rElec)
You can survive without breathing.
You are immune to petrification.
You are immune to rotting.


Message History

You kill the wolf!
Sif Muna accepts your kill. The wolf bites you but does no damage.
The fire crab breathes flames at you.
The blast of flame engulfs you but does no damage.
The wolf is engulfed in blazing flames.
The wolf bites you but does no damage.
Casting: Lee's Rapid Deconstruction (dangerous; 1% risk of failure)
Confirm with . or Enter, or press ? or * to list all spells.
Aiming: Lee's Rapid Deconstruction (dangerous; 1% risk of failure)
Press: ? - help, Dir - move target cursor A rock wall.
The wall shatters!
The blast of rock fragments hits the fire crab!
The fire crab is heavily wounded.
You are engulfed in blazing flames.
* * * LOW HITPOINT WARNING * * *
The wolf is engulfed in blazing flames.
The wolf barely misses you.
Unknown command.
You are engulfed in blazing flames.
You die...

.......>......######...##.######.
..............# ######## ##
....)........## .............#
.............## ###
..............# #P##
.............#############..#####
.............##°#°..##..#..PP..#P
<............°t○@°°..............
.......P##.#.°h°#°°##.#..###P#.##
###.##.################### #####.
###### ##


You could see a fire crab and a wolf.

Vanquished Creatures
  4 hydras
  6 two-headed ogres
  5 death yaks
  An ogre mage (Volcano)
  Erica (D:11)
  A hell knight (Volcano)
  An unseen horror (D:10)
  A lindwurm (Lair:3)
  An oklob plant (Lair:4)
  2 ugly things (D:11)
  3 black mambas
  An ice statue (Lair:3)
  A gargoyle (Volcano)
  A torpor snail (Lair:3)
  7 spiny frogs
  6 komodo dragons
  A freezing wraith (Lair:3)
  A rime drake (Lair:5)
  6 polar bears
  Grinder (D:6)
  Prince Ribbit (D:6)
  3 blink frogs (Lair:4)
  5 hippogriffs
  A wraith (D:11)
  Sigmund (D:2)
  27 yaks
  2 basilisks
  6 fire bats (Volcano)
  A hungry ghost (D:8)
  2 nagas (Lair:2)
  9 water moccasins
  10 porcupines
  6 sky beasts
  2 phantoms (D:6)
  5 orc warriors
  A black bear (D:6)
  3 necrophages
  11 ice beasts
  7 ogres
  3 centaurs
  6 wolves
  11 crocodiles
  2 big kobolds (D:9)
  18 bullfrogs
  6 killer bees (D:11)
  A vampire bat (Lair:3)
  7 wights
  4 electric eels
  7 lava snakes (Volcano)
  8 crimson imps
  A human zombie (Ossuary)
  A centaur zombie (D:8)
  4 bullfrog skeletons
  9 orc priests
  A bullfrog zombie (D:2)
  A jelly (D:11)
  10 hounds
  Jessica (D:3)
  A centaur skeleton (D:5)
  Terence (D:2)
  5 iguanas
  11 orc wizards
  10 worker ants
  A hound zombie (D:11)
  4 mummies
  A hound skeleton (D:6)
  2 worker ant zombies (D:6)
  Robin (D:2)
  A howler monkey zombie (D:9)
  8 gnolls
  14 adders
  A howler monkey skeleton (D:11)
  2 shadow imps
  A white imp (Lair:3)
  2 oozes
  2 adder skeletons
  3 adder zombies
  6 worms
  3 dart slugs (D:3)
  5 leopard geckos
  42 orcs
  15 bats
  4 giant cockroaches
  10 goblins
  8 hobgoblins
  9 jackals
  3 quokkas
  12 frilled lizards
  6 goblin zombies (Ossuary)
  3 hobgoblin zombies (Ossuary)
  A jackal skeleton (D:4)
  11 kobolds
  3 kobold zombies (Ossuary)
  A leopard gecko skeleton (D:5)
  A leopard gecko zombie (D:7)
  A quokka zombie (Ossuary)
  8 rats
  2 rat zombies (Ossuary)
  2 plants
482 creatures vanquished.

Vanquished Creatures (others)
  5 fungi
  6 plants
11 creatures vanquished.

Grand Total: 493 creatures vanquished

Notes
Turn   | Place    | Note
-------+----------+-------------------------------------------
     0 | D:1      | DerDa the Gargoyle Earth Elementalist began the quest for
                  | the Orb.
     0 | D:1      | Reached XP level 1. HP: 10/10 MP: 3/3
   345 | D:1      | Reached XP level 2. HP: 15/15 MP: 5/5
   540 | D:1      | Reached skill level 4 in Earth Magic
  1090 | D:2      | Noticed Robin
  1098 | D:2      | Killed Robin
  1098 | D:2      | Reached XP level 3. HP: 19/19 MP: 1/6
  1340 | D:2      | Noticed Sigmund
  1350 | D:2      | Killed Sigmund
  1350 | D:2      | Reached skill level 5 in Earth Magic
  1350 | D:2      | Reached XP level 4. HP: 24/24 MP: 5/9
  1350 | D:2      | Reached XP level 5. HP: 28/28 MP: 5/10
  1393 | D:2      | Noticed Terence
  1406 | D:2      | Killed Terence
  1485 | D:2      | Reached XP level 6. HP: 32/32 MP: 8/11
  1548 | D:2      | Learned a level 3 spell: Stone Arrow
  1553 | D:2      | Learned a level 4 spell: Petrify
  1731 | D:2      | Reached skill level 6 in Earth Magic
  2453 | D:2      | Learned a level 5 spell: Lee's Rapid Deconstruction
  2595 | D:3      | Noticed Jessica
  2600 | D:3      | Killed Jessica
  2721 | D:3      | Reached skill level 1 in Conjurations
  2721 | D:3      | Reached skill level 1 in Transmutations
  2721 | D:3      | Reached XP level 7. HP: 33/36 MP: 13/13
  3078 | D:3      | Found a snail-covered altar of Cheibriados.
  4387 | D:5      | Entered Level 5 of the Dungeon
  4429 | D:5      | Reached skill level 7 in Earth Magic
  4429 | D:5      | Reached XP level 8. HP: 41/41 MP: 10/15
  4498 | D:5      | Reached skill level 5 in Spellcasting
  4629 | D:5      | Found a staircase to the Ecumenical Temple.
  4638 | Temple   | Entered the Ecumenical Temple
  4740 | Temple   | Became a worshipper of Sif Muna the Loreminder
  5054 | D:5      | Found a blossoming altar of Fedhas.
  5090 | D:5      | Reached skill level 1 in Invocations
  5317 | D:5      | Reached skill level 1 in Fighting
  5365 | D:5      | Found an opulent altar of Gozag.
  5469 | D:5      | Reached skill level 1 in Evocations
  5730 | D:5      | Reached * piety under Sif Muna
  5988 | D:6      | Noticed Prince Ribbit
  5992 | D:6      | Killed Prince Ribbit
  5992 | D:6      | Reached skill level 8 in Earth Magic
  5992 | D:6      | Reached XP level 9. HP: 34/48 MP: 12/17
  6198 | D:6      | Found a sand-covered staircase.
  6206 | Ossuary  | Entered an ossuary
  6730 | D:6      | Noticed Grinder
  6739 | D:6      | Killed Grinder
  6800 | D:6      | Reached skill level 5 in Conjurations
  6876 | D:6      | Reached ** piety under Sif Muna
  8290 | D:7      | Reached skill level 9 in Earth Magic
  8304 | D:7      | Reached XP level 10. HP: 53/56 MP: 8/19
  8308 | D:7      | Learned a level 2 spell: Passwall
  9069 | D:8      | Reached *** piety under Sif Muna
  9347 | D:9      | Found a staircase to the Lair.
  9864 | D:9      | Found a staircase to the Orcish Mines.
 10177 | D:9      | Got a glimmering scale mail
 10187 | D:9      | Identified the cursed +0 scale mail "Awkoa" {rC+ Int+7
                  | Stlth+} (You found it on level 9 of the Dungeon)
 10194 | D:9      | Found a shattered altar of Ashenzari.
 10419 | D:10     | Entered Level 10 of the Dungeon
 10827 | D:10     | Killed an unseen horror
 10936 | D:10     | Reached skill level 1 in Armour
 11027 | D:10     | Got a wizard robe
 11037 | D:10     | Identified the +1 robe of Zako {Str+4} (You found it on
                  | level 10 of the Dungeon)
 11065 | D:10     | Reached **** piety under Sif Muna
 11760 | D:11     | Reached skill level 10 in Earth Magic
 11769 | D:11     | Reached XP level 11. HP: 61/61 MP: 1/22
 12141 | D:11     | Got a coiled iron amulet
 12299 | D:11     | Noticed a brown ugly thing
 12308 | D:11     | Killed a brown ugly thing
 12463 | D:11     | Noticed a two-headed ogre
 12481 | D:11     | Reached skill level 5 in Dodging
 12482 | D:11     | Killed a two-headed ogre
 12557 | D:11     | Reached ***** piety under Sif Muna
 12751 | D:11     | Received a gift from Sif Muna
 12903 | D:11     | Got a pair of crude boots
 12908 | D:11     | Identified the +1 pair of boots "Deprian" {rF- rCorr Int+2}
                  | (You found it on level 11 of the Dungeon)
 12916 | D:11     | Noticed a cyan ugly thing
 12921 | D:11     | Killed a cyan ugly thing
 12921 | D:11     | Reached skill level 5 in Invocations
 13098 | D:11     | Noticed Erica
 13102 | D:11     | Killed Erica
 13102 | D:11     | Reached skill level 5 in Fighting
 13331 | Lair:1   | Entered Level 1 of the Lair of Beasts
 13393 | Lair:1   | Found an ancient bone altar of Kikubaaqudgha.
 13661 | Lair:1   | Noticed a six-headed hydra
 13703 | Lair:1   | Identified the amulet "Bycvaz" {rF- rN+ Regen+ Str+4} (You
                  | found it on level 11 of the Dungeon)
 13898 | Lair:1   | Reached XP level 12. HP: 53/68 MP: 22/24
 14084 | Lair:1   | Reached skill level 11 in Earth Magic
 14086 | Lair:1   | Killed a six-headed hydra
 14521 | Lair:2   | Noticed a death yak
 14524 | Lair:2   | Noticed a death yak
 14530 | Lair:2   | Noticed a death yak
 14531 | Lair:2   | Noticed a death yak
 14590 | Lair:1   | Killed a death yak
 14962 | Lair:2   | Noticed a death yak
 14963 | Lair:2   | Found a staircase to the Snake Pit.
 14983 | Lair:2   | Killed a death yak
 14984 | Lair:2   | Killed a death yak
 14989 | Lair:2   | Killed a death yak
 14989 | Lair:2   | Reached skill level 5 in Transmutations
 15844 | Lair:3   | Found a dark tunnel.
 15916 | Volcano  | Entered a volcano
 16316 | Volcano  | Noticed a two-headed ogre
 16320 | Volcano  | Killed a two-headed ogre
 16330 | Volcano  | Noticed a two-headed ogre
 16344 | Volcano  | Noticed an ogre mage
 16346 | Volcano  | Killed a two-headed ogre
 16347 | Volcano  | Noticed a two-headed ogre
 16348 | Volcano  | Noticed a two-headed ogre
 16349 | Volcano  | Killed an ogre mage
 16349 | Volcano  | Reached XP level 13. HP: 75/75 MP: 1/26
 16352 | Volcano  | Reached skill level 12 in Earth Magic
 16352 | Volcano  | Reached skill level 5 in Evocations
 16367 | Volcano  | Reached skill level 5 in Armour
 16422 | Volcano  | Found a radiant altar of Vehumet.
 16915 | Lair:3   | Reached skill level 10 in Conjurations
 17405 | Lair:3   | Found a staircase to the Swamp.
 18124 | Lair:4   | Identified Sior's Handbook of Ghastly Conjuration (Sif Muna
                  | gifted it to you on level 4 of the Lair of Beasts)
 18124 | Lair:4   | Received a gift from Sif Muna
 18124 | Lair:4   | Reached skill level 1 in Shields
 18293 | Lair:4   | Found a stormy altar of Qazlal.
 19893 | Lair:5   | Reached skill level 10 in Spellcasting
 19989 | Lair:5   | Gained mutation: Your large and strong wings let you fly
                  | indefinitely. [Gargoyle growth]
 19989 | Lair:5   | Reached XP level 14. HP: 80/82 MP: 26/28
 20853 | Lair:6   | Entered Level 6 of the Lair of Beasts
 20871 | Lair:5   | Engulfed by a fire crab's flame

Illustrated notes

Levels and vault maps discovered:
D:1:      dpeg_arrival_rooms_c, layout_basic, serial_forest,
          infiniplex_forest_straight_4, infiniplex_forest_straight_5,
          infiniplex_forest_straight_4, infiniplex_forest_straight_4,
          infiniplex_forest_clump_diagonal, infiniplex_forest_clump_tiny,
          infiniplex_forest_clump_small, infiniplex_forest_clump_curved
D:2:      layout_basic, uniq_robin, uniq_terence, uniq_sigmund
D:3:      layout_basic, first_ration, kennysheep_slug_shrine, uniq_jessica
D:4:      layout_gridville, minmay_cut_off
D:5:      layout_loops_ring, lemuel_coloured_pillars_altar,
          minmay_temple_entry_grid, basic_altar, kennysheep_decorative_pillar,
          chequers_serial_rivers_micro_e
D:6:      layout_gridville, gup_ossuary_entry_pyramid, uniq_grinder,
          uniq_prince_ribbit1
D:7:      layout_rooms
D:8:      layout_gridville
D:9:      layout_big_octagon, lair_entry_dummy, orc_0_dummy, blue_anna_alchemist
          [blue_anna_fruit_fields, blue_anna_fruit_fields],
          cheibrodos_ashenzari_chains
D:10:     layout_gridville
D:11:     layout_loops_ring, uniq_erica
Temple:   kilobyte_greek_temple
Lair:1:   layout_loops_ring, basic_altar, chequers_serial_rivers_small_a
Lair:2:   layout_loops_ring, guppyfry_snake_entry_island
Lair:3:   layout_gridlike, swamp_mist_pool, nicolae_volcano_entry_vermiform,
          chequers_serial_rivers_micro_b, roderic_batcave, ice2_lemuel,
          infiniplex_staircase_pool
Lair:4:   layout_regular_city, lemuel_oklob_altar, grunt_megastairs_1,
          serial_bayou_shore_a, infiniplex_staircase_pool_2, lemuel_fruit_tree
Lair:5:   layout_long_grid, serial_bayou_pond_c
Lair:6:   guppyfry_lair_end_dragon, layout_hall_layers,
          hangedman_lair_caniforms_friends, slime_altar_1, serial_bayou_shore_b,
          minmay_lair_oklob_chamber, grunt_megastairs_3

Skill      XL: |  1  2  3  4  5  6  7  8  9 10 11 12 13 14 |
---------------+-------------------------------------------+-----
Earth Magic    | 4 5 6 7 8 9 10 11 12 | 12.9
Dodging        | 2 3 4 5 6 |  6.5
Spellcasting   | 3 4 5 6 7 8 9 10 | 10.0
Conjurations   | 1 3 4 5 7 8 9 10 | 10.6
Transmutations | 1 2 3 4 5 |  5.0
Invocations    | 1 3 4 5 6 7 |  7.2
Fighting       | 1 3 4 5 6 7 |  7.3
Evocations     | 1 2 3 4 5 |  5.8
Armour         | 1 3 4 5 6 |  6.0
Shields        | 2 |  2.1
Stealth        | |  2.1

Action                   |  1- 3 |  4- 6 |  7- 9 | 10-12 | 13-15 || total
-------------------------+-------+-------+-------+-------+-------++-------
Melee: Hand axe          |   104 |       |       |       |       ||   104
       Scythe            |       |   101 |   397 |   235 |       ||   733
       Falchion          |       |       |       |    45 |       ||    45
       Staff             |       |       |       |     6 |       ||     6
       Scimitar          |       |       |       |    35 |   108 ||   143
Throw: Stone             |       |       |       |       |     1 ||     1
 Cast: Sandblast         |     9 |    28 |   138 |   169 |    59 ||   403
       Stone Arrow       |       |       |     2 |    71 |    49 ||   122
       Petrify           |       |       |     1 |     4 |       ||     5
       Lee's Rapid Decon |       |       |       |    67 |    45 ||   112
Invok: Channel Magic     |       |       |       |     7 |     4 ||    11
 Abil: Fly               |       |       |       |       |     1 ||     1
Evoke: Wand              |       |       |       |     2 |       ||     2
  Use: Scroll            |       |       |     3 |    13 |     3 ||    19
       Potion            |       |       |     2 |       |       ||     2
 Stab: Sleeping          |     3 |     3 |     9 |     3 |     1 ||    19
  Eat: Chunk             |     2 |     4 |    20 |    28 |    14 ||    68
       Ration            |       |       |       |     5 |     2 ||     7
Armor: Robe              |    48 |    76 |   275 |   295 |       ||   694
       Scale mail        |       |       |       |    27 |   166 ||   193
Dodge: Dodged            |    80 |   119 |   482 |   419 |   121 ||  1221
       Rpst.: Falchion   |       |       |       |     5 |       ||     5
       Scimitar          |       |       |       |    25 |    27 ||    52
